 Dungeon Sprint DCSS version bcrawl-1.20.1-3-gdcb1fc31ed (webtiles) character file.

Game seed: 10998598897079007192

129 Freyura the Agent of Entropy (level 4, -10/38 HPs)
             Began as a Demonspawn Abyssal Knight on Jan 31, 2020.
             Was a Priest of Lugonu.
             Mangled by an iguana (12 damage)
             ... in the Dungeon (Sprint IX: "|||||||||||||||||||||||||||||").
             The game lasted 00:02:02 (179 turns).

Freyura the Agent of Entropy (DsAK)                  Turns: 179, Time: 00:02:02

Health: -10/38     AC: 11    Str: 13    XL:     4   Next: 88%
Magic:  8/8        EV: 12    Int: 13    God:    Lugonu [***...]
Gold:   0          SH:  1    Dex: 16    Spells: 3/3 levels left

rFire    . . .     SeeInvis .   a - +1 falchion
rCold    . . .     Gourm    .   (no shield)
rNeg     . . .     Faith    .   p - +2 ring mail
rPois    .         Spirit   .   (helmet restricted)
rElec    .         Reflect  .   o - +0 cloak
rCorr    .         Harm     .   (no gloves)
MR       .....     NoTele   +   (no boots)
Stlth    +.........             (no amulet)
HPRegen  0.12/turn              q - +2 ring of protection
MPRegen  0.11/turn              r - +3 ring of dexterity

@: hasted, very quick
A: horns 2, rot immunity
a: Bend Space, Banish, Renounce Religion


You were in the Dungeon.
You worshipped Lugonu.
Lugonu was most pleased with you.
You were not hungry.

You visited 1 branch

Inventory:

Hand Weapons
 a - a +1 falchion (weapon)
Missiles
 c - 10 tomahawks of dispersal (quivered)
 d - 40 stones
Armour
 o - a +0 cloak (worn)
 p - a +2 ring mail (worn)
Jewellery
 q - a +2 ring of protection (left hand)
 r - a +3 ring of dexterity (right hand)
Wands
 n - a wand of iceblast (10)
Scrolls
 k - 2 scrolls of blinking
 l - 3 scrolls of remove curse
 m - 2 scrolls of amnesia
Potions
 f - 5 potions of curing
 g - 3 potions of heal wounds
 i - 4 potions of magic
 j - a potion of invisibility
Comestibles
 e - a ration {!d}


   Skills:
 + Level 4.9 Fighting
 * Level 5.4 Long Blades
 - Level 0.8 Throwing
 + Level 3.9 Armour
 + Level 3.5 Dodging
 + Level 5.6 Invocations


You had 3 spell levels left.
You didn't know any spells.
Your spell library was empty.

Dungeon Overview and Level Annotations

Branches:
Dungeon (1/1)

Altars:
Cheibriados
Dithmenos
Elyvilon
Fedhas
Gozag
Hepliaklqana
Kikubaaqudgha
Lugonu
Makhleb
Nemelex Xobeh
Okawaru
Qazlal
Ru
Sif Muna
Trog
Uskayaw
Vehumet
Wu Jian
Xom
Yredelemnul
Zin
The Shining One
Beogh
Jiyva


Innate Abilities, Weirdness & Mutations

You have a pair of horns on your head.
You are immune to rotting.


Message History

The white ugly thing misses you.
You hit the white ugly thing.
The white ugly thing is moderately wounded.
The white ugly thing blinks!
You hit the yak.
Space warps horribly around the yak!!
You headbutt the yak.
The yak is almost dead.
The yak closely misses you.
You hit the yak.
The yak is almost dead.
The yak disappears!
You hit the white ugly thing.
Space warps horribly around the white ugly thing!
You headbutt the white ugly thing.
The white ugly thing is heavily wounded.
You hit the white ugly thing.
The white ugly thing is severely wounded.
The white ugly thing disappears!
The iguana bites you but does no damage.
The iguana bites you!
You die...

▓.▓
▓.▓
▓|▓
▓)▓
▓[▓
▓.▓
▓.▓
▓§▓
▓@▓
▓l▓
▓o▓
▓t▓
▓Z▓
▓.▓
▓.▓
▓.▓


You could see an orc warrior, a crocodile, an iguana and a bat zombie.

Vanquished Creatures
  A crocodile (D)
  A gnoll (D)
  An orc (D)
  A bat zombie (D)
  A bat (D)
  2 kobolds (D)
  A leopard gecko skeleton (D)
  2 rats (D)
10 creatures vanquished.

Notes
Turn   | Place    | Note
-------+----------+-------------------------------------------
     0 | D        | Freyura the Demonspawn Abyssal Knight began the quest for
                  | the Orb.
     0 | D        | Reached XP level 1. HP: 18/18 MP: 2/2
    10 | D        | Reached skill level 1 in Dodging
    12 | D        | Reached ** piety under Lugonu
    85 | D        | Noticed a crocodile
    93 | D        | Killed a crocodile
    93 | D        | Reached *** piety under Lugonu
    93 | D        | Reached skill level 5 in Long Blades
    93 | D        | Reached skill level 5 in Invocations
    93 | D        | Gained mutation: You have a pair of small horns on your
                  | head. [demonic ancestry]
    93 | D        | Reached XP level 2. HP: 26/26 MP: 3/5
    93 | D        | Gained mutation: You are immune to rotting. [demonic
                  | ancestry]
    93 | D        | Reached XP level 3. HP: 32/32 MP: 4/7
    93 | D        | Gained mutation: You have a pair of horns on your head.
                  | [demonic ancestry]
    93 | D        | Reached XP level 4. HP: 38/38 MP: 4/8
   106 | D        | Found a roughly hewn altar of Beogh.
   106 | D        | Found a snail-covered altar of Cheibriados.
   106 | D        | Found a shadowy altar of Dithmenos.
   106 | D        | Found a white marble altar of Elyvilon.
   106 | D        | Found a blossoming altar of Fedhas.
   106 | D        | Found an opulent altar of Gozag.
   107 | D        | Found a hazy altar of Hepliaklqana.
   108 | D        | Found a viscous altar of Jiyva.
   109 | D        | Found an ancient bone altar of Kikubaaqudgha.
   110 | D        | Found a corrupted altar of Lugonu.
   111 | D        | Found a burning altar of Makhleb.
   112 | D        | Found a sparkling altar of Nemelex Xobeh.
   113 | D        | Found an iron altar of Okawaru.
   114 | D        | Found a stormy altar of Qazlal.
   115 | D        | Found a sacrificial altar of Ru.
   116 | D        | Found a shimmering blue altar of Sif Muna.
   117 | D        | Found a bloodstained altar of Trog.
   118 | D        | Found a hide-covered altar of Uskayaw.
   119 | D        | Found a radiant altar of Vehumet.
   120 | D        | Found an ornate altar of the Wu Jian Council.
   121 | D        | Found a shimmering altar of Xom.
   122 | D        | Found a basalt altar of Yredelemnul.
   123 | D        | Found a glowing silver altar of Zin.
   124 | D        | Found a glowing golden altar of the Shining One.
   168 | D        | Noticed a white ugly thing
   168 | D        | Noticed a yak
   168 | D        | Noticed an orc warrior
   168 | D        | Noticed a crocodile
   179 | D        | Mangled by an iguana

Skill      XL: |  1 |
---------------+----+-----
Long Blades    | 5 |  5.4
Dodging        | 3 |  3.5
Armour         | 3 |  3.9
Invocations    | 5 |  5.6
Fighting       | 4 |  4.9
Throwing       | |  0.8

Action                   |  1- 3 |  4- 6 || total
-------------------------+-------+-------++-------
Melee: Falchion          |    22 |    12 ||    34
       Headbutt          |       |     2 ||     2
  Use: Potion            |     1 |     1 ||     2
Armor: Leather armour    |     4 |     1 ||     5
       Ring mail         |       |     1 ||     1
Dodge: Dodged            |    16 |     5 ||    21
